 Dungeon Crawl Stone Soup version 0.21.2-1-g0862bd23eb (webtiles) character file.

409956 MisterOstroum the Swashbuckler (level 23, -14/179 HPs)
             Began as a Gnoll Necromancer on Jan 6, 2020.
             Was a High Priest of Cheibriados.
             Splashed by an acid blob's acid (16 damage)
             ... on level 4 of the Pits of Slime on Jan 17, 2020.
             The game lasted 04:51:16 (60655 turns).

MisterOstroum the Swashbuckler (Gnoll Necromancer) Turns: 60655, Time: 04:51:16

Health: -14/179    AC:  6    Str: 22      XL:     23   Next: 48%
Magic:  2/51       EV: 30    Int: 55 (56) God:    Cheibriados [*****.]
Gold:   2181       SH: 12    Dex: 35      Spells: 8/52 levels left

rFire    . . .     SeeInvis .   G - +3 falchion "Death Rattle" {freeze, Fragile +Rage Int+3 Dex+8} (curse)
rCold    . . .     Gourm    .   L - +1 buckler of Pati {Str-5 Int+7 Slay+2}
rNeg     . . .     Faith    .   D - +0 swamp dragon scales
rPois    +         Spirit   .   A - +1 hat {Int+3}
rElec    .         Reflect  .   R - +2 cloak {MR+}
rCorr    .         Harm     +   S - +1 pair of gloves {Str+3}
MR       ++++.                  z - +2 pair of boots
Stlth    ++++++....             p - amulet of harm
HPRegen  1.39/turn              x - ring of the Mage {Wiz MR++ Int+3}
MPRegen  0.32/turn              u - ring of magical power {=R}

@: corroded, very slightly contaminated, regenerating, studying 2 skills, very
slow
A: distributed training, fangs 1, clumsy 1, strong nose
}: 2/15 runes: decaying, serpentine
a: Bend Time, Temporal Distortion, Slouch, Step From Time, Renounce Religion,
Evoke Berserk Rage


You were on level 4 of the Pits of Slime.
You worshipped Cheibriados.
Cheibriados was extremely pleased with you.
You were not hungry.

You visited 9 branches of the dungeon, and saw 42 of its levels.
You also visited: Sewer, Ice Cave and Wizlab.

You collected 3657 gold pieces.
You spent 1476 gold pieces at shops.

Inventory:

Hand Weapons
 h - the +9 staff of Wucad Mu {channel}
   (You found it in a wizard's laboratory)
 G - the cursed +3 falchion "Death Rattle" (weapon) {freeze, Fragile +Rage Int+3 Dex+8}
   (You took it off a yaktaur captain on level 14 of the Dungeon)

   It has been specially enchanted to freeze those struck by it, causing extra
   injury to most foes and up to half again as much damage against particularly
   susceptible opponents.
   It can also slow down cold-blooded creatures.
   It affects your intelligence (+3).
   It affects your dexterity (+8).
   It lets you go berserk.
   It will be destroyed if unequipped.
   It has a curse placed upon it.
Missiles
 K - 12 tomahawks of returning (quivered)
Armour
 z - a +2 pair of boots (worn)
 A - a +1 hat of intelligence (worn)
 D - +0 swamp dragon scales (worn)
 L - the +1 buckler of Pati (worn) {Str-5 Int+7 Slay+2}
   (You acquired it on level 3 of the Lair of Beasts)

   It affects your strength (-5).
   It affects your intelligence (+7).
   It affects your accuracy and damage with ranged weapons and melee attacks
   (+2).
 R - a +2 cloak of magic resistance (worn)
 S - a +1 pair of gloves of strength (worn)
Jewellery
 p - an amulet of harm (around neck)
 u - a ring of magical power (right hand) {=R}
 x - the ring of the Mage (left hand) {Wiz MR++ Int+3}
   (You found it on level 2 of the Lair of Beasts)

   [ring of wizardry]

   It improves your spell success rate.
   It affects your intelligence (+3).
   It affects your resistance to hostile enchantments.
 O - an uncursed ring of positive energy
 Q - the ring "Kazockof" {Fire MR+}
   (You found it on level 7 of the Dungeon)

   [ring of fire]

   It enhances your fire magic.
   It protects you from fire.
   It makes you vulnerable to cold.
   It affects your resistance to hostile enchantments.
 W - an uncursed ring of ice
 X - an uncursed ring of resist corrosion
Wands
 o - a wand of scattershot (6)
 q - a wand of enslavement (39)
 v - a wand of acid (55)
 w - a wand of disintegration (25)
 N - a wand of paralysis (14)
 T - a wand of digging (18)
 U - a wand of polymorph (7)
 Y - a wand of iceblast (27)
Scrolls
 c - a scroll of summoning
 f - 14 scrolls of teleportation {@r3 !r}
 g - 9 scrolls of fog {!r}
 k - 5 scrolls of magic mapping {@r5 !r}
 y - 2 scrolls of identify {@r1}
 H - 13 scrolls of remove curse {@r2}
 J - 7 scrolls of fear {!r}
 P - a scroll of silence
Potions
 i - 2 potions of ambrosia
 l - 6 potions of heal wounds {@q2 !q}
 n - 3 potions of lignification {@q6}
 r - 8 potions of flight
 s - 4 potions of might {@q3 !q}
 C - 8 potions of agility {@q5 !q}
 E - 8 potions of brilliance
 F - 7 potions of curing {@q1 !q}
 I - 2 potions of mutation
Books
 b - a manual of Staves
 j - a manual of Short Blades
 m - a Necronomicon

   Spells                             Type                      Level
   a - Haunt                          Necromancy/Summoning         7
   b - Borgnjor's Revivification      Necromancy                   8
   c - Death's Door                   Charms/Necromancy            8
   d - Infestation                    Necromancy                   8
   e - Necromutation                  Transmutation/Necromancy     8
Miscellaneous
 d - a lamp of fire
 Z - 2 sacks of spiders
Comestibles
 e - 69 rations


   Skills:
 + Level 14.5 Fighting
 + Level 17.8 Short Blades
 + Level 14.5 Long Blades
 + Level 14.5 Axes
 + Level 14.5 Maces & Flails
 + Level 14.5 Polearms
 + Level 15.7 Staves
 + Level 14.5 Slings
 + Level 14.5 Bows
 + Level 14.5 Crossbows
 + Level 14.5 Throwing
 + Level 14.5 Armour
 + Level 15.1 Dodging
 + Level 15.0 Stealth
 + Level 14.5 Shields
 + Level 14.5 Unarmed Combat
 + Level 15.2 Spellcasting
 + Level 12.5 Conjurations
 + Level 12.5 Hexes
 + Level 12.5 Charms
 + Level 12.5 Summonings
 + Level 14.0 Necromancy
 + Level 12.5 Translocations
 + Level 12.5 Transmutations
 + Level 12.5 Fire Magic
 + Level 12.5 Ice Magic
 + Level 12.5 Air Magic
 + Level 12.5 Earth Magic
 + Level 12.5 Poison Magic
 + Level 15.6 Invocations
 + Level 14.5 Evocations


You had 8 spell levels left.
You knew the following spells:

 Your Spells              Type           Power        Failure   Level  Hunger
a - Bolt of Draining      Conj/Necr      ########..   1%          5    None
b - Vampiric Draining     Necr           ########..   0%          3    None
c - Borgnjor's Vile Clut  Necr/Erth      ########..   1%          5    None
d - Fulminant Prism       Conj/Hex       ########..   1%          4    None
e - Pain                  Necr           ####         0%          1    None
f - Dispel Undead         Necr           ########     1%          5    None
g - Iskenderun's Mystic   Conj           ########     1%          4    None
B - Blink                 Tloc           N/A          0%          2    None
C - Animate Dead          Necr           N/A          0%          4    None
H - Regeneration          Chrm/Necr      ########..   0%          3    None
P - Statue Form           Tmut/Erth      ########.    1%          6    None
S - Sublimation of Blood  Necr           ########..   0%          2    None


Dungeon Overview and Level Annotations

Branches:
Dungeon (15/15)            Temple (1/1) D:7            Lair (6/6) D:8
  Swamp (4/4) Lair:4        Snake (4/4) Lair:3        Slime (5/5) Lair:5
    Orc (2/2) D:12            Elf (0/3) Orc:2        Vaults (4/5) D:14
  Crypt (1/3) Vaults:3     Depths (0/5) D:15

Altars:
Ashenzari
Cheibriados
Dithmenos
Elyvilon
Fedhas
Gozag
Hepliaklqana
Kikubaaqudgha
Makhleb
Nemelex Xobeh
Okawaru
Qazlal
Ru
Sif Muna
Trog
Uskayaw
Vehumet
Wu Jian
Xom
Yredelemnul
Zin
The Shining One
Beogh
Jiyva

Shops:
Orc:1 }   Orc:2 [(*%   Snake:2 =}}   Vaults:1 *   Vaults:2 =   Vaults:3 *
Vaults:4 }

Annotations:
D:3 Grinder
Snake:2 1 exclusion


Innate Abilities, Weirdness & Mutations

Your experience applies equally to all skills.
You have very sharp teeth.
Your uncanny sense of smell can sniff out nearby items.
You are clumsy. (Dex -2)


Message History

The Royal Jelly hits you but does no damage. x2
The acid blob spits acid at you. The splash of acid misses you.
Okay, then.
Unknown command.
Evoke which item? (* to show all) (? for menu, Esc to quit)
Okay, then.
Unknown command.
Blink to where?
Press: ? - help, Dir - move target cursor You are very lightly contaminated with residual magic.
As you read the scroll of blinking {@r4}, it crumbles to dust.
The Royal Jelly seems less drained.
The acid blob spits acid at you. The splash of acid hits you!
The acid corrodes you!
You are splashed with acid!
The acid burns!
* * * LOW HITPOINT WARNING * * *
Casting: Bolt of Draining
Confirm with . or Enter, or press ? or * to list all spells.
Aiming: Bolt of Draining
Press: ? - help, Shift-Dir - straight line, f - Royal Jelly
Aim: the Royal Jelly (translocational energy, almost dead) Out of range.
Okay, then.
Unknown command.
Really quaff
l - 8 potions of heal wounds {@q2 !q}?
You feel much better.
Casting: Bolt of Draining
Confirm with . or Enter, or press ? or * to list all spells.
You draw magical energy from your own body!
The acid blob spits acid at you. The splash of acid hits you!
You are splashed with acid!
The acid burns!
The acid blob spits acid at you. The splash of acid misses you.
You can feel time thicken for a moment.
You kill the Royal Jelly!
Cheibriados thoroughly appreciates the change of pace.
You feel a strange vibration for a moment.
With an infernal noise, the power ruling this place vanishes!
You feel your intelligence returning.
Your lamp of fire has recharged.
Your Stealth skill increases to level 15!
You kill the acid blob!
Cheibriados appreciates the change of pace.
You feel somewhat more hungry.
Cheibriados lowers the support of your attributes as your movement quickens.
The dying Royal Jelly spits out three more jellies.
The acid blob spits acid at you. The splash of acid hits you!
The acid corrodes you!
You are splashed with acid!
The acid burns!
* * * LOW HITPOINT WARNING * * *
The azure jelly hits you!
* * * LOW HITPOINT WARNING * * *
The azure jelly freezes you!
* * * LOW HITPOINT WARNING * * *
You block the azure jelly's attack.
The azure jelly completely misses you. x2
The acid blob spits acid at you. You block the splash of acid.
The death ooze jiggles.
You block the acid blob's attack.
You climb upwards.
There is a stone staircase leading down here.
Casting: Sublimation of Blood
Confirm with . or Enter, or press ? or * to list all spells.
You blink.
The acid blob spits acid at you. The splash of acid misses you.
The acid blob spits acid at you. The splash of acid hits you!
* * * LOW HITPOINT WARNING * * *
The acid corrodes you!
You are splashed with acid!
The acid burns!
* * * LOW HITPOINT WARNING * * *
Okay, then.
Blink to where?
Press: ? - help, Dir - move target cursor
As you read the scroll of blinking {@r4}, it crumbles to dust.
Really quaff
l - 7 potions of heal wounds {@q2 !q}?
You feel much better.
The acid blob quivers.
Unknown command.
You completely miss the acid blob.
You bite the acid blob, but do no damage.
You hit the acid blob. You freeze the acid blob. The acid corrodes you!
Your hands burn!
* * * LOW HITPOINT WARNING * * *
The acid blob is lightly wounded.
The acid blob completely misses you.
Casting: Blink
Confirm with . or Enter, or press ? or * to list all spells.
Okay, then.
You hit the acid blob. You freeze the acid blob. The acid corrodes you!
Your hands burn!
* * * LOW HITPOINT WARNING * * *
You bite the acid blob, but do no damage.
The acid blob is lightly wounded.
The acid blob spits acid at you. The splash of acid hits you!
* * * LOW HITPOINT WARNING * * *
You are splashed with acid!
The acid burns!
You die...

#..............###
#....#..........#
.#...............
#..............#.
.......>...#.###
..............#
.............## ## ##
.......#......##.##.#
#...#...#..J@........
#.......#...........#....#
........#.................
....J....................#
.J#......##....#......#.#...
.J.....##...#.............
.##..##..<...............
### ##................#
#....#..ยง....#.....


You could see an acid blob.

Vanquished Creatures
  the Royal Jelly (Slime:5)
  Mara (Swamp:3)
  the Lernaean hydra (Swamp:4)
  Vashnia (Snake:4)
  A tentacled monstrosity (Vaults:4)
  Jorgrun (Swamp:2)
  17 acid blobs
  Gastronok (Orc:1)
  A sphinx (Vaults:3)
  2 thorn hunters
  8 azure jellies
  A storm dragon (Vaults:2)
  8 nagarajas
  2 fire giants (Vaults:3)
  A deep elf sorcerer (Vaults:4)
  2 frost giants
  9 vault wardens
  2 orc warlords
  12 ironheart preservers
  The ghost of TheNamelessOne the Martial Artist, a journeyman DsFi of Wu Jian (Orc:2)
  A reaper (IceCv)
  7 very ugly things (Vaults:4)
  3 entropy weavers
  5 stone giants
  2 deep elf annihilators (Vaults:4)
  A dire elephant (Lair:6)
  An orange crystal statue (WizLab)
  2 ettins
  A deep elf death mage (Vaults:4)
  9 death oozes (Slime:5)
  Erolcha (D:9)
  3 fire dragons
  3 ice dragons
  The ghost of MordorOrchid the Grappler, a journeyman TrWz of Cheibriados (D:11)
  A great orb of eyes (shapeshifter) (D:14)
  6 yaktaur captains
  7 great orbs of eyes
  11 ogre magi
  A deep elf high priest (Vaults:4)
  4 vault guards
  12 naga warriors
  2 ghost crabs (Swamp:4)
  5 centaur warriors
  A catoblepas (Lair:6)
  12 anacondas
  18 hydras
  31 two-headed ogres
  A deep troll shaman (Vaults:4)
  13 alligators
  3 death knights
  A titan zombie (Crypt:1)
  A deep troll earth mage (Vaults:4)
  4 tengu warriors
  An orc high priest (Orc:2)
  20 naga sharpshooters
  4 death yaks (Lair:5)
  8 shock serpents
  Sonja (D:15)
  Nergalle (Lair:1)
  7 skeletal warriors
  6 spriggans
  4 salamander mystics (Snake:4)
  A spriggan druid (Swamp:4)
  6 unseen horrors
  3 glowing orange brains
  2 sea snakes (Snake:2)
  2 lindwurms (Lair:6)
  2 flayed ghosts (Vaults:4)
  2 wolf spider zombies (Crypt:1)
  9 swamp dragons
  2 shambling mangroves (Swamp:2)
  3 phantasmal warriors
  13 ironbrand convokers
  11 naga ritualists
  6 deep trolls
  6 wizards
  A deep elf archer (D:14)
  4 harpies (Vaults:3)
  21 orc knights
  5 necromancers
  13 mana vipers
  An anaconda skeleton (Crypt:1)
  5 orc sorcerers
  2 wolf spiders (Vaults:4)
  A human zombie (Vaults:3)
  A stone giant zombie (D:14)
  A sphinx skeleton (D:13)
  4 oklob plants (Lair:5)
  4 shining eyes
  2 deep elf magi
  8 cyclopes
  39 ugly things
  4 manticores
  A frost giant zombie (Vaults:3)
  37 black mambas
  6 human skeletons (Vaults:3)
  4 centaur zombies
  3 frost giant skeletons
  15 vault sentinels
  3 elephants (Lair:5)
  5 guardian serpents
  2 salamanders (Snake:4)
  An elephant (shapeshifter) (Vaults:4)
  An eye of devastation (Slime:4)
  2 ice statues (IceCv)
  11 naga magi
  3 gargoyles
  2 torpor snails
  A dire elephant skeleton (Crypt:1)
  20 spiny frogs
  A shock serpent skeleton (Crypt:1)
  2 yaktaur zombies
  8 rime drakes
  9 komodo dragons
  3 freezing wraiths
  A yaktaur (shapeshifter) (Vaults:1)
  A kobold demonologist (D:14)
  2 efreet
  3 ice devils (IceCv)
  2 yaktaur skeletons
  28 yaktaurs
  A hydra zombie (D:14)
  A queen bee (shapeshifter) (Vaults:2)
  13 hornets
  A queen bee (Lair:5)
  6 trolls
  3 meliai (Lair:5)
  2 polar bears (shapeshifter) (Vaults:4)
  2 tyrant leeches
  A hydra skeleton (D:13)
  72 slime creatures
  15 bog bodies
  A tengu simulacrum (Vaults:3)
  2 ugly thing zombies (D:14)
  2 human simulacra
  A blink frog (shapeshifter) (D:9)
  15 blink frogs
  A stone giant simulacrum (Vaults:3)
  2 fire giant simulacra (Vaults:3)
  17 hippogriffs
  Sigmund (D:2)
  3 ettin skeletons (Vaults:3)
  5 redbacks
  2 fire dragon skeletons
  7 wraiths
  6 wyverns
  A golden eye (shapeshifter) (Vaults:4)
  6 basilisks
  81 yaks
  4 steam dragons
  A hungry ghost (D:11)
  24 swamp worms
  3 vampire mosquitoes
  Edmund (D:5)
  2 soldier ants (shapeshifter)
  A swamp worm (shapeshifter) (Vaults:2)
  4 insubstantial wisps (Swamp:3)
  A soldier ant (D:14)
  17 wargs
  62 nagas
  6 acid dragons
  2 two-headed ogre skeletons
  17 water moccasins
  9 swamp drakes
  2 porcupines
  60 orc warriors
  2 tengu skeletons
  7 eyes of draining
  10 ice beasts
  7 sky beasts
  A black bear (D:8)
  35 ogres
  2 elf zombies (D:14)
  A necrophage (D:12)
  A manticore skeleton (D:15)
  A wolf (shapeshifter) (Vaults:1)
  8 boggarts (Vaults:2)
  An elf skeleton (D:15)
  12 crocodiles
  16 centaurs
  3 big kobolds
  A fire crab zombie (D:12)
  A komodo dragon skeleton (D:15)
  18 bullfrogs
  A cyclops zombie (D:14)
  A gnoll sergeant (D:7)
  A wyvern skeleton (D:12)
  2 scorpions
  A warg zombie (Orc:2)
  An elf simulacrum (Vaults:3)
  36 killer bees (Lair:5)
  22 wights
  4 electric eels
  9 howler monkeys
  5 crimson imps
  3 quasits
  5 jellies
  2 bullfrog zombies
  A black bear zombie (D:14)
  2 hounds
  29 orc wizards
  10 centaur skeletons
  24 orc priests
  A basilisk skeleton (D:13)
  2 bullfrog skeletons
  3 iguanas
  Jessica (D:1)
  11 worker ants
  A porcupine skeleton (Crypt:1)
  An acid dragon zombie (D:12)
  2 ogre skeletons
  3 hound zombies
  A naga skeleton (Crypt:1)
  A hound skeleton (D:6)
  2 howler monkey zombies
  8 gnolls
  A howler monkey skeleton (D:10)
  4 river rats (Sewer)
  8 adders
  A scorpion zombie (D:14)
  5 orc skeletons
  A steam dragon skeleton (D:14)
  A shadow imp (D:6)
  11 white imps (IceCv)
  5 ufetubi (IceCv)
  5 oozes (D:12)
  4 adder zombies
  A gnoll zombie (D:13)
  An adder skeleton (Crypt:1)
  21 worms
  2 dart slugs
  12 leopard geckos
  169 orcs
  12 ball pythons
  6 bats
  A bat zombie (D:13)
  6 giant cockroaches
  13 goblins
  6 hobgoblins
  9 jackals
  24 kobolds
  7 quokkas
  8 frilled lizards
  A goblin skeleton (D:13)
  2 jackal skeletons
  2 leopard gecko skeletons
  5 orc zombies
  24 rats
  3 briar patches (Swamp:3)
  7 fungi
  9 plants
1866 creatures vanquished.

Vanquished Creatures (collateral kills)
  An acid blob (Slime:5)
  An azure jelly (Slime:5)
  A death ooze (Slime:5)
  2 ugly things (Vaults:1)
  A gargoyle (D:10)
  An ice devil (IceCv)
  A polar bear (Lair:4)
  2 slime creatures
  4 yaks (Lair:4)
  2 golden eyes (Slime:4)
  A hungry ghost (D:9)
  A porcupine (Lair:4)
  An ogre (Vaults:1)
  A bullfrog (Sewer)
  2 wights (D:10)
  A crimson imp (D:10)
  An orc wizard (D:10)
  2 adders
  2 river rats (Sewer)
  A dart slug (D:2)
  4 orcs
  A jackal (D:6)
  A kobold (D:10)
  5 ball pythons (Sewer)
  3 rats (Sewer)
43 creatures vanquished.

Vanquished Creatures (others)
  A black mamba (Snake:2)
  A centaur simulacrum (D:14)
  A swamp drake (Swamp:4)
  A bullfrog (Lair:2)
  3 white imps (IceCv)
  3 ufetubi (IceCv)
  2 briar patches (Swamp:3)
  27 fulminant prisms
  15 fungi
  24 plants
78 creatures vanquished.

Grand Total: 1987 creatures vanquished

Notes
Turn   | Place    | Note
-------+----------+-------------------------------------------
     0 | D:1      | MisterOstroum the Gnoll Necromancer began the quest for the Orb.
     0 | D:1      | Reached XP level 1. HP: 13/13 MP: 6/6
   165 | D:1      | Reached XP level 2. HP: 19/19 MP: 7/7
   529 | D:1      | Reached XP level 3. HP: 24/25 MP: 6/9
   613 | D:1      | Learned a level 3 spell: Vampiric Draining
   615 | D:1      | Reached skill level 5 in Spellcasting
   768 | D:2      | Noticed Jessica
   774 | D:2      | Noticed Sigmund
   779 | D:1      | Killed Jessica
   779 | D:1      | Reached skill level 1 in Fighting
   779 | D:1      | Reached skill level 1 in Short Blades
   779 | D:1      | Reached skill level 1 in Long Blades
   779 | D:1      | Reached skill level 1 in Axes
   779 | D:1      | Reached skill level 1 in Maces & Flails
   779 | D:1      | Reached skill level 1 in Polearms
   779 | D:1      | Reached skill level 1 in Staves
   779 | D:1      | Reached skill level 1 in Slings
   779 | D:1      | Reached skill level 1 in Bows
   779 | D:1      | Reached skill level 1 in Crossbows
   779 | D:1      | Reached skill level 1 in Throwing
   779 | D:1      | Reached skill level 1 in Armour
   779 | D:1      | Reached skill level 1 in Shields
   779 | D:1      | Reached skill level 1 in Unarmed Combat
   779 | D:1      | Reached skill level 1 in Invocations
   779 | D:1      | Reached skill level 1 in Evocations
   851 | D:1      | Reached XP level 4. HP: 17/32 MP: 1/11
  1003 | D:2      | Learned a level 4 spell: Animate Dead
  1249 | D:2      | Learned a level 3 spell: Regeneration
  1259 | D:2      | Reached skill level 1 in Conjurations
  1259 | D:2      | Reached skill level 1 in Hexes
  1259 | D:2      | Reached skill level 1 in Charms
  1259 | D:2      | Reached skill level 1 in Summonings
  1259 | D:2      | Reached skill level 1 in Translocations
  1259 | D:2      | Reached skill level 1 in Transmutations
  1259 | D:2      | Reached skill level 1 in Fire Magic
  1259 | D:2      | Reached skill level 1 in Ice Magic
  1259 | D:2      | Reached skill level 1 in Air Magic
  1259 | D:2      | Reached skill level 1 in Earth Magic
  1259 | D:2      | Reached skill level 1 in Poison Magic
  1319 | D:2      | Reached XP level 5. HP: 31/37 MP: 3/12
  1815 | D:3      | Found a basalt altar of Yredelemnul.
  2744 | D:3      | Noticed Grinder
  2982 | D:2      | Killed Sigmund
  2982 | D:2      | Reached skill level 2 in Short Blades
  2982 | D:2      | Reached skill level 5 in Dodging
  2982 | D:2      | Reached XP level 6. HP: 44/44 MP: 9/14
  4210 | D:4      | Reached XP level 7. HP: 47/50 MP: 10/15
  4310 | D:4      | Found a glowing drain.
  4392 | Sewer    | Entered a sewer
  4966 | Sewer    | Reached skill level 5 in Stealth
  5200 | D:4      | Learned a level 5 spell: Borgnjor's Vile Clutch
  5262 | D:4      | Reached XP level 8. HP: 56/57 MP: 16/16
  5476 | D:4      | Found a glowing golden altar of the Shining One.
  5482 | D:4      | Found a shattered altar of Ashenzari.
  5485 | D:4      | Found a snail-covered altar of Cheibriados.
  5630 | D:5      | Entered Level 5 of the Dungeon
  6096 | D:5      | Reached skill level 3 in Short Blades
  6853 | D:5      | Noticed Edmund
  6867 | D:5      | Killed Edmund
  7464 | D:6      | Reached XP level 9. HP: 58/65 MP: 18/18
  8360 | D:6      | Reached skill level 4 in Short Blades
  8870 | D:7      | Learned a level 2 spell: Searing Ray
  8926 | D:7      | Identified a +0 pair of boots of running (You found it on level 7 of the Dungeon)
  8929 | D:7      | Found a bloodstained altar of Trog.
  8929 | D:7      | Found a burning altar of Makhleb.
  9049 | D:7      | Found a staircase to the Ecumenical Temple.
  9055 | Temple   | Entered the Ecumenical Temple
  9174 | Temple   | Became a worshipper of Kikubaaqudgha
  9223 | D:7      | Got a fine marble ring
  9245 | D:7      | Identified the ring "Kazockof" {Fire MR+} (You found it on level 7 of the Dungeon)
  9811 | D:8      | Noticed a two-headed ogre
  9991 | D:8      | Noticed an eight-headed hydra
 10007 | D:8      | Killed an eight-headed hydra
 10007 | D:8      | Reached skill level 5 in Invocations
 10007 | D:8      | Reached XP level 10. HP: 67/73 MP: 8/20
 10255 | D:8      | Noticed a two-headed ogre
 10264 | D:8      | Killed a two-headed ogre
 10264 | D:8      | Reached skill level 5 in Fighting
 10264 | D:8      | Reached skill level 5 in Short Blades
 10264 | D:8      | Reached skill level 5 in Long Blades
 10264 | D:8      | Reached skill level 5 in Axes
 10264 | D:8      | Reached skill level 5 in Maces & Flails
 10264 | D:8      | Reached skill level 5 in Polearms
 10264 | D:8      | Reached skill level 5 in Staves
 10264 | D:8      | Reached skill level 5 in Slings
 10264 | D:8      | Reached skill level 5 in Bows
 10264 | D:8      | Reached skill level 5 in Crossbows
 10264 | D:8      | Reached skill level 5 in Throwing
 10264 | D:8      | Reached skill level 5 in Armour
 10264 | D:8      | Reached skill level 5 in Shields
 10264 | D:8      | Reached skill level 5 in Unarmed Combat
 10264 | D:8      | Reached skill level 5 in Evocations
 10504 | D:8      | Killed a two-headed ogre
 10607 | D:8      | Found a staircase to the Lair.
 10955 | D:8      | Reached * piety under Kikubaaqudgha
 10955 | D:8      | Identified Kikubaaqudgha's Catalogue of Dark Rites (Kikubaaqudgha gifted it to you on level 8 of the Dungeon)
 10955 | D:8      | Received a gift from Kikubaaqudgha
 11091 | D:8      | Noticed an orc knight
 11094 | D:8      | Noticed an orc knight
 11144 | D:8      | Killed an orc knight
 11198 | D:8      | Killed an orc knight
 11198 | D:8      | Reached XP level 11. HP: 81/81 MP: 0/22
 11505 | D:8      | Noticed an orc knight
 11532 | D:8      | Killed an orc knight
 12051 | D:8      | Reached skill level 6 in Short Blades
 12095 | D:8      | Reached skill level 5 in Conjurations
 12095 | D:8      | Reached skill level 5 in Hexes
 12095 | D:8      | Reached skill level 5 in Charms
 12095 | D:8      | Reached skill level 5 in Summonings
 12095 | D:8      | Reached skill level 5 in Translocations
 12095 | D:8      | Reached skill level 5 in Transmutations
 12095 | D:8      | Reached skill level 5 in Fire Magic
 12095 | D:8      | Reached skill level 5 in Ice Magic
 12095 | D:8      | Reached skill level 5 in Air Magic
 12095 | D:8      | Reached skill level 5 in Earth Magic
 12095 | D:8      | Reached skill level 5 in Poison Magic
 12773 | D:9      | Reached ** piety under Kikubaaqudgha
 13363 | D:9      | Noticed Erolcha
 13473 | D:9      | Killed Erolcha
 13738 | D:10     | Entered Level 10 of the Dungeon
 13746 | D:9      | Learned a level 4 spell: Fulminant Prism
 13999 | D:10     | Killed an unseen horror
 14284 | D:10     | Got a smoking flail
 14297 | D:10     | Reached XP level 12. HP: 89/89 MP: 24/24
 14298 | D:10     | Identified the +10 flail of Distant Worlds {crush, rN+} (You found it on level 10 of the Dungeon)
 14366 | D:10     | Reached *** piety under Kikubaaqudgha
 14366 | D:10     | Identified Kikubaaqudgha's Disquisition on Evil (Kikubaaqudgha gifted it to you on level 10 of the Dungeon)
 14366 | D:10     | Received a gift from Kikubaaqudgha
 14379 | D:10     | Learned a level 5 spell: Dispel Undead
 14592 | D:10     | Reached skill level 7 in Short Blades
 14969 | Lair:1   | Entered Level 1 of the Lair of Beasts
 15047 | Lair:1   | Found a hazy altar of Hepliaklqana.
 15455 | Lair:1   | Noticed Nergalle
 15466 | Lair:1   | Killed Nergalle
 15972 | Lair:1   | Reached **** piety under Kikubaaqudgha
 16831 | Lair:2   | Found a frozen archway.
 16885 | IceCv    | Entered an ice cave
 17165 | IceCv    | Noticed a reaper
 17224 | IceCv    | Killed a reaper
 17224 | IceCv    | Reached XP level 13. HP: 41/98 MP: 2/26
 18578 | Lair:2   | Reached skill level 8 in Short Blades
 19195 | Lair:2   | Found the ring of the Mage {Wiz MR++ Int+3}
 19591 | Lair:3   | Learned a level 2 spell: Blink
 20032 | Lair:3   | Reached ***** piety under Kikubaaqudgha
 20331 | Lair:3   | Found a staircase to the Snake Pit.
 20523 | Lair:3   | Identified 2 scrolls of acquirement
 20524 | Lair:3   | Got an ancient buckler
 20530 | Lair:3   | Identified the +1 buckler of Pati {Str-5 Int+7 Slay+2} (You acquired it on level 3 of the Lair of Beasts)
 21387 | Lair:4   | Reached skill level 10 in Necromancy
 22271 | Lair:4   | Found a staircase to the Swamp.
 22736 | Lair:4   | Reached skill level 10 in Spellcasting
 22899 | Lair:4   | Learned a level 5 spell: Bolt of Draining
 23120 | Lair:5   | Reached XP level 14. HP: 106/106 MP: 26/28
 23981 | Lair:5   | Reached skill level 10 in Dodging
 24102 | Lair:5   | Found a staircase to the Slime Pits.
 24744 | Lair:5   | Reached skill level 9 in Short Blades
 25302 | Lair:5   | Reached skill level 10 in Stealth
 25850 | Lair:6   | Entered Level 6 of the Lair of Beasts
 26013 | Lair:6   | Reached skill level 10 in Invocations
 26545 | Lair:6   | Reached ****** piety under Kikubaaqudgha
 26547 | Lair:6   | Received a gift from Kikubaaqudgha
 26980 | Lair:6   | Noticed a dire elephant
 27018 | Lair:6   | Killed a dire elephant
 27798 | D:11     | Noticed MordorOrchid's ghost (journeyman TrWz)
 27962 | D:11     | Reached XP level 15. HP: 114/114 MP: 29/29
 28651 | D:11     | Killed MordorOrchid's ghost
 29419 | D:12     | Reached skill level 10 in Short Blades
 29594 | D:12     | Identified Jarus's Compendium of Orientation and Protection (You acquired it on level 12 of the Dungeon)
 30540 | D:12     | Found a staircase to the Orcish Mines.
 30823 | D:12     | Found a shadowy altar of Dithmenos.
 31292 | Orc:1    | Entered Level 1 of the Orcish Mines
 31292 | Orc:1    | Found Vaammoyth's Gadget Shop.
 31526 | Orc:1    | Noticed Gastronok
 31710 | Orc:1    | Found a roughly hewn altar of Beogh.
 31852 | Orc:1    | Noticed an orc warlord
 31863 | Orc:1    | Killed an orc warlord
 32340 | Orc:1    | Killed Gastronok
 32340 | Orc:1    | Reached skill level 10 in Fighting
 32340 | Orc:1    | Reached skill level 10 in Long Blades
 32340 | Orc:1    | Reached skill level 10 in Axes
 32340 | Orc:1    | Reached skill level 10 in Maces & Flails
 32340 | Orc:1    | Reached skill level 10 in Polearms
 32340 | Orc:1    | Reached skill level 10 in Staves
 32340 | Orc:1    | Reached skill level 10 in Slings
 32340 | Orc:1    | Reached skill level 10 in Bows
 32340 | Orc:1    | Reached skill level 10 in Crossbows
 32340 | Orc:1    | Reached skill level 10 in Throwing
 32340 | Orc:1    | Reached skill level 10 in Armour
 32340 | Orc:1    | Reached skill level 10 in Shields
 32340 | Orc:1    | Reached skill level 10 in Unarmed Combat
 32340 | Orc:1    | Reached skill level 10 in Evocations
 32467 | Orc:2    | Entered Level 2 of the Orcish Mines
 32675 | D:4      | Fell from the grace of Kikubaaqudgha
 32675 | D:4      | Became a worshipper of Cheibriados the Contemplative
 33064 | Orc:2    | Found a staircase to the Elven Halls.
 33247 | Orc:2    | Found a roughly hewn altar of Beogh.
 33369 | Orc:2    | Found Sekhlaptixo's Assorted Antiques.
 33384 | Orc:2    | Bought a scroll labeled GOGENU JINWOKK for 31 gold pieces
 33548 | Orc:2    | Noticed TheNamelessOne's ghost (journeyman DsFi)
 33552 | Orc:2    | Killed TheNamelessOne's ghost
 33968 | Orc:2    | Found a roughly hewn altar of Beogh.
 33975 | Orc:2    | Found Huun's Food Boutique.
 34289 | Orc:2    | Reached * piety under Cheibriados
 34414 | Orc:2    | Noticed an orc warlord
 34432 | Orc:2    | Killed an orc warlord
 34633 | Orc:2    | Reached ** piety under Cheibriados
 34955 | Orc:2    | Found Jial's Antique Armour Shoppe.
 34956 | Orc:2    | Found a roughly hewn altar of Beogh.
 34961 | Orc:2    | Found Ydghink's Antique Weapon Emporium.
 35010 | Orc:2    | Found a roughly hewn altar of Beogh.
 35133 | Orc:2    | Found a roughly hewn altar of Beogh.
 35639 | D:13     | Reached *** piety under Cheibriados
 36519 | D:14     | Reached skill level 11 in Short Blades
 36597 | D:14     | Reached XP level 16. HP: 122/122 MP: 24/31
 36785 | D:14     | Reached **** piety under Cheibriados
 37103 | D:8      | Learned a level 2 spell: Sublimation of Blood
 37460 | D:14     | Got a jewelled falchion {freeze}
 37461 | D:14     | Identified the cursed +3 falchion "Death Rattle" {freeze, Fragile +Rage Int+3 Dex+8} (You took it off a yaktaur captain on level 14 of the Dungeon)
 37587 | D:14     | Reached ***** piety under Cheibriados
 37641 | D:14     | Found a gate to the Vaults.
 38309 | D:9      | Learned a level 4 spell: Iskenderun's Mystic Blast
 38715 | D:14     | Identified the Compendium of Mutagenic Lightness
 38750 | D:14     | Identified a +2 pair of boots of running (You found it on level 14 of the Dungeon)
 39088 | D:15     | Entered Level 15 of the Dungeon
 39474 | D:15     | Noticed Sonja
 39478 | D:15     | Killed Sonja
 39589 | D:15     | Reached skill level 12 in Short Blades
 40433 | D:15     | Was forgiven by Kikubaaqudgha
 40459 | D:15     | Found a staircase to the Depths.
 40563 | D:15     | Reached XP level 17. HP: 129/129 MP: 16/33
 41232 | Orc:2    | Bought a metal-bound book for 465 gold pieces
 41446 | Swamp:1  | Entered Level 1 of the Swamp
 41517 | Swamp:1  | Reached ****** piety under Cheibriados
 42504 | Swamp:2  | Noticed Jorgrun
 42513 | Swamp:2  | Killed Jorgrun
 43435 | Swamp:3  | Noticed Mara
 43530 | Swamp:3  | Killed Mara
 43530 | Swamp:3  | Reached skill level 13 in Short Blades
 43573 | Swamp:3  | Got an encrusted scimitar
 43574 | Swamp:3  | Identified the +1 scimitar "Puetyc Wuekh" {slice, rPois rN+ Int+2 SInv} (You found it on level 3 of the Swamp)
 43983 | Swamp:4  | Entered Level 4 of the Swamp
 44100 | Snake:1  | Entered Level 1 of the Snake Pit
 44466 | Snake:1  | Reached skill level 10 in Conjurations
 44466 | Snake:1  | Reached skill level 10 in Hexes
 44466 | Snake:1  | Reached skill level 10 in Charms
 44466 | Snake:1  | Reached skill level 10 in Summonings
 44466 | Snake:1  | Reached skill level 10 in Translocations
 44466 | Snake:1  | Reached skill level 10 in Transmutations
 44466 | Snake:1  | Reached skill level 10 in Fire Magic
 44466 | Snake:1  | Reached skill level 10 in Ice Magic
 44466 | Snake:1  | Reached skill level 10 in Air Magic
 44466 | Snake:1  | Reached skill level 10 in Earth Magic
 44466 | Snake:1  | Reached skill level 10 in Poison Magic
 44904 | Snake:1  | Reached XP level 18. HP: 137/137 MP: 32/34
 45311 | Snake:2  | Found Joexirim's Jewellery Emporium.
 45311 | Snake:2  | Found Biphegg's Gadget Boutique.
 45312 | Snake:2  | Found Tyacreq's Gadget Boutique.
 45321 | Snake:2  | Bought a wand of paralysis (14) for 320 gold pieces
 46523 | Snake:3  | Reached skill level 14 in Short Blades
 47036 | Snake:4  | Entered Level 4 of the Snake Pit
 47394 | Snake:4  | Noticed Vashnia
 47397 | Snake:4  | Killed Vashnia
 47620 | Snake:4  | Reached XP level 19. HP: 126/145 MP: 34/36
 48834 | Snake:4  | Got a serpentine rune of Zot
 49409 | Swamp:4  | Learned a level 6 spell: Statue Form
 49446 | Swamp:4  | Noticed the 27-headed Lernaean hydra
 49452 | Swamp:4  | Killed the 27-headed Lernaean hydra
 49452 | Swamp:4  | Reached skill level 15 in Short Blades
 49565 | Swamp:4  | Got a decaying rune of Zot
 50460 | Vaults:1 | Entered Level 1 of the Vaults
 51155 | Vaults:1 | Found Mutuf's General Store.
 51207 | Vaults:1 | Reached XP level 20. HP: 153/153 MP: 26/37
 52109 | Vaults:1 | Identified the +3 scale mail of Ickal {rPois rCorr} (You found it on level 1 of the Vaults)
 52180 | Vaults:2 | Found Casymel's Jewellery Emporium.
 52267 | Vaults:2 | Found a magical portal.
 52283 | WizLab   | Entered Wucad Mu's Monastery
 52366 | WizLab   | Found the +9 staff of Wucad Mu {channel}
 53407 | Vaults:2 | Identified the +0 robe of the Doge {rPois} (You found it on level 2 of the Vaults)
 53560 | Vaults:2 | Reached skill level 16 in Short Blades
 54707 | Vaults:3 | Found Onwur's General Store.
 55223 | Vaults:3 | Reached XP level 21. HP: 161/161 MP: 37/39
 55364 | Vaults:3 | Identified the +8 fustibalus of Overwhelming Force {speed, Dex+5} (You found it on level 3 of the Vaults)
 56003 | Vaults:3 | Found a staircase to the Crypt.
 56048 | Crypt:1  | Entered Level 1 of the Crypt
 56561 | D:13     | Reached XP level 22. HP: 169/169 MP: 40/40
 56953 | Vaults:4 | Found Azoor's Gadget Emporium.
 56969 | Vaults:4 | Bought a wand of acid (11) for 660 gold pieces
 57138 | Vaults:4 | Reached skill level 15 in Invocations
 57296 | Vaults:4 | Reached skill level 17 in Short Blades
 57720 | Vaults:4 | Reached skill level 15 in Staves
 59048 | Slime:1  | Entered Level 1 of the Pits of Slime
 59701 | Slime:2  | Reached XP level 23. HP: 145/176 MP: 25/41
 59969 | Slime:2  | Reached skill level 15 in Spellcasting
 60164 | Slime:5  | Entered Level 5 of the Pits of Slime
 60251 | Slime:5  | Found a viscous altar of Jiyva.
 60252 | Slime:5  | Noticed the Royal Jelly
 60254 | Slime:5  | Found the +7 Spriggan's Knife {MR+ EV+4 Dex+4 Stlth+}
 60301 | Slime:4  | Reached skill level 15 in Dodging
 60306 | Slime:4  | HP: 7/179 [acid (14)]
 60640 | Slime:5  | Gained mutation: You are clumsy. (Dex -2) [a shining eye]
 60646 | Slime:5  | Killed the Royal Jelly
 60646 | Slime:5  | Reached skill level 15 in Stealth
 60649 | Slime:4  | HP: 4/179 [acid[the Royal Jelly] (15)]
 60655 | Slime:4  | HP: 2/179 [acid blob/splash of acid (19)]
 60655 | Slime:4  | Splashed by an acid blob's acid

Skill      XL: |  1  2  3  4  5  6  7  8  9 10 11 12 13 14 15 16 17 18 19 20 21 22 23 |
---------------+----------------------------------------------------------------------+-----
Spellcasting   | 5 6 7 8 9 10 11 12 13 14 15 | 15.2
Fighting       | 1 2 3 4 5 6 7 8 9 10 11 12 13 14 | 14.5
Short Blades   | 1 2 3 4 5 6 7 8 9 11 12 13 14 15 16 17 | 17.8
Long Blades    | 1 2 3 4 5 6 7 8 9 10 11 12 13 14 | 14.5
Axes           | 1 2 3 4 5 6 7 8 9 10 11 12 13 14 | 14.5
Maces & Flails | 1 2 3 4 5 6 7 8 9 10 11 12 13 14 | 14.5
Polearms       | 1 2 3 4 5 6 7 8 9 10 11 12 13 14 | 14.5
Staves         | 1 2 3 4 5 6 7 8 9 10 11 12 13 14 15 | 15.7
Slings         | 1 2 3 4 5 6 7 8 9 10 11 12 13 14 | 14.5
Bows           | 1 2 3 4 5 6 7 8 9 10 11 12 13 14 | 14.5
Crossbows      | 1 2 3 4 5 6 7 8 9 10 11 12 13 14 | 14.5
Throwing       | 1 2 3 4 5 6 7 8 9 10 11 12 13 14 | 14.5
Armour         | 1 2 3 4 5 6 7 8 9 10 11 12 13 14 | 14.5
Shields        | 1 2 3 4 5 6 7 8 9 10 11 12 13 14 | 14.5
Unarmed Combat | 1 2 3 4 5 6 7 8 9 10 11 12 13 14 | 14.5
Invocations    | 1 2 3 4 5 6 7 8 9 10 11 12 13 14 15 | 15.6
Evocations     | 1 2 3 4 5 6 7 8 9 10 11 12 13 14 | 14.5
Conjurations   | 1 2 3 4 5 6 7 8 9 10 11 12 | 12.5
Hexes          | 1 2 3 4 5 6 7 8 9 10 11 12 | 12.5
Charms         | 1 2 3 4 5 6 7 8 9 10 11 12 | 12.5
Summonings     | 1 2 3 4 5 6 7 8 9 10 11 12 | 12.5
Translocations | 1 2 3 4 5 6 7 8 9 10 11 12 | 12.5
Transmutations | 1 2 3 4 5 6 7 8 9 10 11 12 | 12.5
Fire Magic     | 1 2 3 4 5 6 7 8 9 10 11 12 | 12.5
Ice Magic      | 1 2 3 4 5 6 7 8 9 10 11 12 | 12.5
Air Magic      | 1 2 3 4 5 6 7 8 9 10 11 12 | 12.5
Earth Magic    | 1 2 3 4 5 6 7 8 9 10 11 12 | 12.5
Poison Magic   | 1 2 3 4 5 6 7 8 9 10 11 12 | 12.5
Dodging        | 5 6 7 8 9 10 11 12 13 14 15 | 15.1
Stealth        | 5 6 7 8 9 10 11 12 13 14 15 | 15.0
Necromancy     | 8 9 10 11 12 13 14 | 14.0

Action                   |  1- 3 |  4- 6 |  7- 9 | 10-12 | 13-15 | 16-18 | 19-21 | 22-24 || total
-------------------------+-------+-------+-------+-------+-------+-------+-------+-------++-------
Melee: Dagger            |     6 |     7 |     1 |     1 |       |       |       |       ||    15
       Bite              |       |     3 |    17 |    38 |    95 |    24 |    39 |     7 ||   223
       Unarmed           |       |     2 |     7 |       |       |       |       |       ||     9
       Trident           |       |     5 |   161 |    91 |       |     4 |       |       ||   261
       Punch             |       |       |     2 |    18 |    18 |       |       |       ||    38
       Spear             |       |       |    27 |   348 |       |       |       |       ||   375
       Flail             |       |       |       |    13 |       |       |       |       ||    13
       Quick blade       |       |       |       |       |   732 |       |       |       ||   732
       Staff             |       |       |       |       |    19 |     2 |       |       ||    21
       Falchion          |       |       |       |       |       |    65 |    96 |    14 ||   175
 Fire: Hunting sling     |       |    41 |    40 |       |       |       |       |       ||    81
       Blowgun           |       |       |    12 |    24 |       |       |       |       ||    36
Throw: Stone             |     1 |     3 |     5 |     5 |     6 |     4 |       |       ||    24
       Javelin           |       |       |       |       |       |     1 |     8 |       ||     9
       Tomahawk          |       |       |       |       |       |       |     1 |     2 ||     3
 Cast: Pain              |    32 |   100 |   213 |    31 |       |     1 |       |       ||   377
       Vampiric Draining |     1 |     7 |     5 |     1 |     2 |     3 |       |     2 ||    21
       Animate Dead      |       |     3 |    10 |     8 |     4 |       |     6 |       ||    31
       Regeneration      |       |     5 |    15 |    19 |    42 |    83 |    47 |    42 ||   253
       Borgnjor's Vile C |       |       |     8 |    82 |   175 |   130 |   184 |    31 ||   610
       Searing Ray       |       |       |       |     1 |       |       |       |       ||     1
       Fulminant Prism   |       |       |       |     8 |     3 |     9 |     1 |     6 ||    27
       Bolt of Draining  |       |       |       |       |   240 |   240 |   183 |   185 ||   848
       Dispel Undead     |       |       |       |       |    36 |    48 |    53 |     4 ||   141
       Blink             |       |       |       |       |     5 |    28 |     7 |     6 ||    46
       Iskenderun's Myst |       |       |       |       |       |    98 |       |     2 ||   100
       Sublimation of Bl |       |       |       |       |       |    81 |    55 |    28 ||   164
       Statue Form       |       |       |       |       |       |       |     3 |       ||     3
Invok: Receive Corpses   |       |       |       |     4 |       |       |       |       ||     4
       Receive Necronomi |       |       |       |       |     1 |       |       |       ||     1
       Slouch            |       |       |       |       |       |     2 |       |     4 ||     6
       Temporal Distorti |       |       |       |       |       |       |       |     3 ||     3
       Step From Time    |       |       |       |       |       |       |       |     1 ||     1
Evoke: Wand              |       |       |       |     6 |       |     3 |     1 |    11 ||    21
       Sack of spiders   |       |       |       |       |       |       |       |     4 ||     4
       Lamp of fire      |       |       |       |       |       |       |       |     1 ||     1
       Box of beasts     |       |       |       |       |       |       |       |     1 ||     1
  Use: Potion            |       |     1 |     1 |     1 |       |     1 |     1 |    10 ||    15
       Scroll            |       |     5 |     9 |     8 |    15 |     9 |    11 |     6 ||    63
 Stab: Sleeping          |     4 |       |     2 |    13 |    26 |     1 |       |       ||    46
       Distracted        |       |       |       |     5 |     3 |     1 |     1 |       ||    10
  Eat: Chunk             |       |    11 |    20 |    38 |    66 |    17 |    11 |     4 ||   167
       Ration            |       |       |     1 |     3 |     2 |     2 |     2 |     2 ||    12
Armor: Robe              |     3 |     3 |    28 |    42 |       |       |       |       ||    76
       Skin              |       |     2 |    25 |       |       |       |     4 |       ||    31
       Ring mail         |       |       |       |       |   112 |    37 |       |       ||   149
       Acid dragon scale |       |       |       |       |       |    31 |     6 |       ||    37
       Swamp dragon scal |       |       |       |       |       |       |    43 |    35 ||    78
Dodge: Dodged            |    13 |    37 |   228 |   340 |   302 |   206 |   254 |   132 ||  1512
Block: Buckler           |       |       |       |       |   109 |   132 |   152 |    81 ||   474
       Rpst.: Falchion   |       |       |       |       |       |    25 |    36 |    18 ||    79
